 Dungeon Crawl Stone Soup version 0.23-a0-49-gd9f7a49668 (webtiles) character file.

48 LLavrengius the Vexing (level 3, -2/30 HPs)
             Began as a Centaur Arcane Marksman on Aug 7, 2018.
             Slain by a gnoll
             ... wielding a +0 flail
              (8 damage)
             ... on level 3 of the Dungeon.
             The game lasted 00:07:40 (2169 turns).

LLavrengius the Vexing (Centaur Arcane Marksman)    Turns: 2169, Time: 00:07:40

Health: -2/30      AC:  4    Str: 12    XL:     3   Next: 50%
Magic:  4/4        EV:  9    Int: 14    God:
Gold:   152        SH:  0    Dex: 10    Spells: 3/4 levels left

rFire    . . .     SeeInvis .   (no weapon)
rCold    . . .     Gourm    .   (no shield)
rNeg     . . .     Faith    .   e - +0 robe
rPois    .         Spirit   .   (no helmet)
rElec    .         Reflect  .   (no cloak)
rCorr    .         Harm     .   (no gloves)
MR       .....                  (no barding)
Stlth    +.........             j - amulet of rage
HPRegen  0.10/turn              b - ring of wizardry
MPRegen  0.09/turn              r - +2 ring of intelligence

@: very quick
A: large, hooves 3, deformed body, speed 2, tough skin 3
a: Evoke Berserk Rage


You were on level 3 of the Dungeon.
You were not hungry.

You visited 1 branch of the dungeon, and saw 3 of its levels.

You collected 152 gold pieces.

Inventory:

Hand Weapons
 a - a +0 shortbow
Missiles
 c - 50 bolts
 d - 18 arrows
 l - 130 stones (quivered)
 n - 4 poisoned needles
 o - 68 sling bullets
Armour
 e - a +0 robe (worn)
Jewellery
 b - a ring of wizardry (left hand)
 j - an amulet of rage (around neck)
 r - a +2 ring of intelligence (right hand)
Scrolls
 g - 2 scrolls of amnesia {unknown}
 h - 2 scrolls of remove curse {unknown}
 p - a scroll of noise {unknown}
Potions
 i - a potion of brilliance
 k - a potion of haste
 m - 2 potions of curing {unknown}
Comestibles
 f - 3 rations
 q - a chunk of flesh


   Skills:
 + Level 2.3 Fighting
 - Level 2.6 Bows
 - Level 1.3 Dodging
 - Level 1.0 Spellcasting
 + Level 3.5 Hexes


You had 3 spell levels left.
You knew the following spells:

 Your Spells              Type           Power        Failure   Level  Hunger
a - Corona                Hex            ##.....      2%          1    ##.....

Your spell library contained the following spells:

 Spells                   Type           Power        Failure   Level  Hunger
 Cause Fear               Hex            ##........   24%         4    #####..
 Slow                     Hex            ##......     3%          2    ###....
 Portal Projectile        Hex/Tloc       #.....       16%         3    ####...
 Leda's Liquefaction      Hex/Erth       #.........   43%         4    #####..
 Inner Flame              Hex/Fire       #.......     16%         3    ####...


Dungeon Overview and Level Annotations

Branches:
Dungeon (3/15)

Altars:
The Shining One


Innate Abilities, Weirdness & Mutations

You have hooves in place of feet.
Armour fits poorly on your strangely shaped body.
You cover ground very quickly.
You have extremely tough skin. (AC +3)


Message History

There is a stone staircase leading down here.
You climb downwards.
The gnoll hits you with a flail.
There is a stone staircase leading up, spattered with blood here.
You hit the gnoll. Your kick misses the gnoll.
The gnoll is lightly wounded.
The gnoll barely misses you.
You hit the gnoll but do no damage. You kick the gnoll.
The gnoll is moderately wounded.
The gnoll closely misses you.
You barely miss the gnoll.
The gnoll is moderately wounded.
You closely miss the gnoll.
The gnoll is moderately wounded.
The gnoll hits you with a flail!
You hit the gnoll but do no damage.
The gnoll is moderately wounded.
The gnoll hits you with a flail!
* * * LOW HITPOINT WARNING * * *
The gnoll hits you with a flail!
You die...

.#######
...=...#
.....# ....
..#####.####
.......gwg@#
######g####
#.#


.gw .#.#. #.#.#.. . #.# .. ## #.# ..# #.# ## You could see a worm and 3 gnolls.

Vanquished Creatures
  A gnoll (D:2)
  An adder (D:2)
  A worm (D:2)
  4 bats (D:1)
  5 goblins
  5 hobgoblins
  4 frilled lizards
  2 kobolds (D:1)
  6 rats
29 creatures vanquished.

Vanquished Creatures (others)
  A goblin (D:1)
1 creature vanquished.

Grand Total: 30 creatures vanquished

Notes
Turn   | Place    | Note
-------+----------+-------------------------------------------
     0 | D:1      | LLavrengius the Centaur Arcane Marksman began the quest for the Orb.
     0 | D:1      | Reached XP level 1. HP: 16/16 MP: 2/2
   169 | D:1      | You fall through a shaft!
   209 | D:2      | Reached skill level 3 in Hexes
   466 | D:1      | Reached XP level 2. HP: 23/23 MP: 3/3
  1651 | D:2      | Found a glowing golden altar of the Shining One.
  1772 | D:2      | Reached XP level 3. HP: 4/29 MP: 4/4
  2169 | D:3      | Slain by a gnoll

Vault maps used:
D:1:      eino_arrival_cavern_e, lemuel_flame_loot_1
D:2:      nicolae_tso_carved_into_rock
D:3:      kennysheep_goblin_castle, nicolae_xom_altar_mimics, first_ration,
          serial_curves, eino_curves_01, eino_curves_02

Skill      XL: |  1  2 |
---------------+-------+-----
Hexes          | 3 |  3.5
Fighting       | 2 |  2.3
Bows           | |  2.6
Dodging        | |  1.3
Spellcasting   | |  1.0

Action                   || total
-------------------------++-------
Melee: Unarmed           ||   128
       Kick              ||    25
 Fire: Shortbow          ||    16
  Use: Potion            ||     4
  Eat: Chunk             ||     3
Armor: Robe              ||    59
Dodge: Dodged            ||    70

Table legend:
 A = Spawn XP
 B = Non-spawn XP
 C = Spawn XP percentage of total XP
 D = Spawn monster count
 E = Non-spawn monster count
 F = Spawn count percentage of total count
 G = Total turns spent on level
                    A         B        C        D         E        F      G
               +---------+---------+-------+---------+---------+-------+---------
         Total |       0 |      69 |   0.0 |       0 |      29 |   0.0 |  2169
               +---------+---------+-------+---------+---------+-------+---------
           D:1 |       0 |      29 |   0.0 |       0 |      20 |   0.0 |  1064
           D:2 |       0 |      40 |   0.0 |       0 |       9 |   0.0 |  1083
               +---------+---------+-------+---------+---------+-------+---------
